AoeStats
← boromir7222

MegaRandom

510813547Analyzed
3v3 RM · 18h ago on Oct 2, 2026· 48m 49s· 6 players
Game mode
Random Map
Map size
Normal (6 player)
Population
200
Speed
Normal
Resources
Standard
Victory
Conquest
Starting age
Dark Age
Ending age
Imperial Age
RankedLock teamsTeams togetherTeam positionsShared explorationLock speedFull tech treeHidden civsTurbo modeCheats
Victory
Defeat
🇪🇸 Cumans · Spain
1035
+16
🇩🇪 Japanese · Germany
1032
+17
🇩🇪 Malians · Germany
1031
+17
🇩🇪 Aztecs · Germany
1107
-20
🇩🇪 Poles · Germany
1016
-15
🇩🇪 Byzantines · Germany
1012
-15
Filtravis
0:32 Loom
8:54 Feudal Age
8:59 Man-at-Arms
9:25 Arson
11:56 Forging
13:29 Scale Barding Armor
13:56 Bloodlines
14:11 Double-Bit Axe
19:48 Castle Age
21:55 Wheelbarrow
26:43 Bow Saw
26:47 Pikeman
29:03 Horse Collar
29:44 Heavy Plow
30:50 Fletching
32:05 Bodkin Arrow
33:52 Ballistics
37:15 Imperial Age
35:10 Hand Cart
37:17 Scale Mail Armor
38:12 Iron Casting
38:28 Conscription
38:07 Elite Samurai
40:38 Chemistry
39:45 Bracer
40:02 Chain Mail Armor
40:49 Cavalier
41:30 Husbandry
42:14 Chain Barding Armor
42:55 Blast Furnace
43:33 Plate Mail Armor
boromir7222
6:19 Loom
11:11 Feudal Age
13:31 Wheelbarrow
12:44 Double-Bit Axe
16:14 Scale Barding Armor
16:20 Forging
16:41 Bloodlines
18:14 Horse Collar
24:00 Scale Mail Armor
27:47 Castle Age
25:48 Fletching
29:40 Iron Casting
34:00 Chain Barding Armor
35:10 Bodkin Arrow
36:13 Heavy Plow
36:25 Bow Saw
38:02 Stone Mining
40:23 Light Cavalry
43:24 Hand Cart
Inkencamilla
0:58 Loom
11:25 Feudal Age
18:41 Wheelbarrow
26:20 Castle Age
38:34 Imperial Age
36:40 Forging
36:20 Fletching
36:31 Padded Archer Armor
36:31 Scale Mail Armor
37:48 Hand Cart
38:32 Iron Casting
37:53 Bodkin Arrow
38:51 Leather Archer Armor
40:11 Elite Gbeto
41:55 Ring Archer Armor
42:53 Scale Mail Armor
43:16 Conscription
43:50 Chain Mail Armor
43:38 Squires
43:43 Double-Bit Axe
45:05 Plate Mail Armor
wololo
0:32 Loom
10:20 Feudal Age
13:30 Double-Bit Axe
15:39 Wheelbarrow
18:19 Horse Collar
18:58 Fletching
22:05 Padded Archer Armor
27:05 Castle Age
25:35 Scale Mail Armor
26:08 Scale Barding Armor
26:24 Arson
26:58 Scale Mail Armor
27:08 Forging
27:12 Crossbowman
27:49 Bodkin Arrow
29:05 Chain Mail Armor
30:42 Squires
31:17 Arson
34:48 Pikeman
34:53 Pikeman
35:55 Hand Cart
36:52 Thumb Ring
41:01 Imperial Age
39:35 Iron Casting
39:16 Leather Archer Armor
40:08 Chain Barding Armor
41:17 Capped Ram
42:23 Conscription
43:18 Plate Barding Armor
42:53 Siege Ram
44:15 Ring Archer Armor
45:57 Plate Mail Armor
46:06 Bracer
46:27 Gold Mining
47:54 Ballistics
49:20 Chemistry
48:07 Arrowslits
Overhead
0:30 Loom
9:45 Feudal Age
9:56 Man-at-Arms
12:09 Double-Bit Axe
12:11 Arson
13:43 Wheelbarrow
22:06 Castle Age
21:48 Fletching
21:59 Horse Collar
22:44 Bodkin Arrow
27:22 Bow Saw
29:35 Scale Mail Armor
30:35 Pikeman
32:11 Squires
35:51 Hand Cart
36:20 Forging
36:35 Chain Mail Armor
38:56 Imperial Age
37:37 Town Watch
38:09 Gold Mining
39:41 Iron Casting
Lord Ice
0:33 Loom
10:34 Feudal Age
14:35 Castle Age
14:12 Forging
15:05 Bloodlines
15:57 Husbandry
32:33 Horse Collar
32:43 Double-Bit Axe
33:45 Scale Barding Armor
35:46 Szlachta Privileges
38:54 Iron Casting
38:12 Fletching
51:04 Imperial Age
Connection lost

Rejoining the realm…

Still unreachable

The connection could not be restored.

Session expired

The server has moved on; the page needs a fresh start.